 Dungeon Crawl Stone Soup version 0.29-a0-670-g5ff2a30383 (webtiles) character file.

Game seed: 14306774046373901101

1697 KristoblXynda the Carver (level 8, -3/71 HPs)
             Began as a Green Draconian Gladiator on June 24, 2022.
             Was an Initiate of Gozag.
             Slain by a howler monkey (8 damage)
             ... on level 7 of the Dungeon.
             The game lasted 00:07:36 (8691 turns).

KristoblXynda the Carver (DrGl)                     Turns: 8691, Time: 00:07:36

Health: -3/71      AC: -2    Str: 17    XL:     8   Next: 72%
Magic:  8/8        EV: 16    Int:  8    God:    Gozag
Gold:   975        SH:  0    Dex: 21    Spells: 7/7 levels left

rFire   . . .      SeeInvis .   a - +0 long sword
rCold   . . .      Faith    .   (no shield)
rNeg    . . .      Spirit   .   (body armour unavailable)
rPois   +          Reflect  .   b - +0 hat
rElec   .          Harm     .   (no cloak)
rCorr   .          Rampage  .   (no gloves)
Will    +....                   (no boots)
Stlth   ++........              (no amulet)
HPRegen 0.21/turn               j - +6 ring of dexterity
MPRegen 0.11/turn               m - ring of willpower

@: corroded, gold aura
A: breathe noxious fumes, AC +6, unfitting armour, poison resistance,
cold-blooded
a: Breathe Noxious Fumes, Renounce Religion, Potion Petition, Call Merchant,
Bribe Branch


You were on level 7 of the Dungeon.
You worshipped Gozag.
Gozag was pleased with you.
You visited 2 branches of the dungeon, and saw 8 of its levels.

You collected 1004 gold pieces.
You paid 29 gold pieces to Gozag.

Inventory:

Hand Weapons
 a - a +0 long sword (weapon)
Missiles
 c - 2 throwing nets (quivered)
 d - a javelin
Armour
 b - a +0 hat (worn)
Jewellery
 j - a +6 ring of dexterity (left hand)
 m - a ring of willpower (right hand)
 x - a ring of resist corrosion
Scrolls
 f - a scroll of fog {unknown}
 h - 3 scrolls of poison
 i - 2 scrolls of teleportation {unknown}
 k - a scroll of magic mapping
 r - a scroll of amnesia {unknown}
 t - a scroll of silence {unknown}
 w - a scroll of enchant weapon {unknown}
Potions
 l - a potion of flight {unknown}
 n - 3 potions of magic
 o - a potion of curing
 p - 2 potions of brilliance
 q - a potion of heal wounds
 u - a potion of ambrosia
 v - a potion of attraction


   Skills:
 + Level 6.4 Fighting
 * Level 8.4 Long Blades
 - Level 2.0 Throwing
 + Level 5.7 Dodging


You had 7 spell levels left.
You didn't know any spells.
Your spell library was empty.

Dungeon Overview and Level Annotations

Branches:
Dungeon (7/15)             Temple (1/1) D:4

Altars:
Ashenzari
Cheibriados
Dithmenos
Elyvilon
Gozag
Kikubaaqudgha
Makhleb
Nemelex Xobeh
Ru
Sif Muna
Uskayaw
Wu Jian
Xom
Yredelemnul

Annotations:
D:3 3 runed translucent doors, zebulonius's ghost, amateur DECj


Innate Abilities, Weirdness & Mutations

You can breathe blasts of noxious fumes.
Your lurid green scales are hard. (AC +6)
You cannot fit into any form of body armour.
Your system is resistant to poisons. (rPois)
You are cold-blooded and may be slowed by cold attacks.


Message History

You tail-slap the jelly, but do no damage.
The jelly is almost dead.
The jelly barely misses you. The sky beast misses you.
You hit the jelly.
You kill the jelly!
The sky beast flickers out of sight!
Deactivating autopickup; reactivate with Ctrl-A.
Something hits you. Something shocks you.
A sky beast appears from thin air!
Reactivating autopickup.
You see here 6 gold pieces.
You hit the sky beast.
The sky beast is moderately wounded.
The sky beast flickers out of sight!
Deactivating autopickup; reactivate with Ctrl-A.
Something hits you. Something shocks you.
You miss something.
The howler monkey howls!
Something hits you. Something shocks you.
You closely miss something. Something closely misses you.
An orc comes into view. It is wielding a +0 club.
The orc shouts!
You hit something. You tail-slap something. Something hits you.
* * * LOW HITPOINT WARNING * * *
Something shocks you.
* * * LOW HITPOINT WARNING * * *
You hit something.
Your tail-slap misses something.
A sky beast appears from thin air!
Reactivating autopickup.
The sky beast closely misses you.
An orc comes into view. It is wielding a +0 dagger.
Unknown command.
An orc comes into view. It is wielding a +0 mace.
The sky beast attacks as you move away! The sky beast hits you.
* * * LOW HITPOINT WARNING * * *
The sky beast shocks you.
* * * LOW HITPOINT WARNING * * *
The howler monkey hits you!
You die...
Your body crumbles into a pile of gold.

,,,,,* #......,,,*
****,* #.....<,,,* * *,*
#.>...,,,,* * *****
*.....,,,,* ****,,,*
*#.#.#***** ,,**,*,*
#.#.# ,,,,,*,** #<#.#
,,**,,,.######$#.#
*,,,,,,........#@######*
*****,,.......Yh.>..$..#
**,,,,,......o.........#
,,,,,,,.....##.........#
,,,,,,,.....,......#####
,****,,....*...#.### **
*,,....###...#
*****,,..o,* #####
,,,,,,,,,,,*


You could see a sky beast, a howler monkey and an orc.

Vanquished Creatures
  A steam dragon (D:6)
  Menkaure (D:4)
  2 water moccasins
  Duvessa (D:4)
  A sky beast (D:6)
  An ogre (D:5)
  A centaur (D:6)
  A phantom (D:4)
  A scorpion (D:5)
  2 necrophages
  Dowan (D:4)
  A hound (D:4)
  2 orc priests
  2 iguanas
  A jelly (D:7)
  Natasha (thrice) (D:3)
  4 orc wizards
  3 gnolls
  6 adders
  A shadow imp (D:6)
  2 white imps
  An ufetubus (D:5)
  2 worms
  2 dart slugs
  19 orcs
  8 bats
  7 endoplasms
  6 giant cockroaches
  5 goblins
  6 hobgoblins
  12 jackals
  3 quokkas
  8 ball pythons
  4 frilled lizards
  4 kobolds
  7 rats
132 creatures vanquished.

Vanquished Creatures (others)
  An electric eel (D:6)
  15 plants (D:1)
16 creatures vanquished.

Grand Total: 148 creatures vanquished

Notes
Turn   | Place    | Note
-------+----------+-------------------------------------------
     0 | D:1      | KristoblXynda the Draconian Gladiator began the quest for
                  | the Orb.
     0 | D:1      | Reached XP level 1. HP: 17/17 MP: 1/1
   173 | D:1      | Reached XP level 2. HP: 24/25 MP: 2/2
   663 | D:1      | HP: 1/25 [kobold/+0 whip (5)]
   671 | D:1      | Reached XP level 3. HP: 4/30 MP: 3/3
  1680 | D:2      | Found an opulent altar of Gozag.
  1769 | D:2      | Became a worshipper of Gozag Ym Sagoz the Greedy
  2243 | D:2      | Found a faded altar of an unknown god.
  2441 | D:2      | Reached XP level 4. HP: 37/37 MP: 4/4
  2633 | D:2      | Reached skill level 4 in Long Blades
  3327 | D:3      | You fall into a shaft and drop 2 floors!
  3327 | D:5      | Entered Level 5 of the Dungeon
  3533 | D:5      | Noticed an ogre
  3550 | D:5      | Killed an ogre
  3551 | D:5      | Reached XP level 5. HP: 23/45 MP: 5/5
  3968 | D:5      | Found a snail-covered altar of Cheibriados.
  4168 | D:5      | Reached skill level 5 in Long Blades
  4168 | D:5      | Reached XP level 6. HP: 42/52 MP: 6/6
  4286 | D:5      | Noticed a water moccasin
  4329 | D:5      | Killed a water moccasin
  5275 | D:4      | Found a staircase to the Ecumenical Temple.
  5326 | D:4      | Noticed Dowan
  5327 | D:4      | Noticed Duvessa
  5338 | D:4      | Killed Duvessa
  5339 | D:4      | Reached skill level 6 in Long Blades
  5339 | D:4      | Your scales start taking on a lurid green colour.
  5339 | D:4      | Reached XP level 7. HP: 53/60 MP: 7/7
  5339 | D:4      | Gained mutation: Your system is resistant to poisons.
                  | (rPois) [Green Draconian growth]
  5348 | D:4      | Killed Dowan
  5616 | D:4      | Found a white marble altar of Elyvilon.
  5726 | D:4      | Found a burning altar of Makhleb.
  5807 | D:4      | Noticed Menkaure
  5816 | D:4      | Killed Menkaure
  5817 | D:4      | Reached skill level 5 in Fighting
  6174 | D:3      | Found a runed translucent gate.
  6174 | D:3      | Found a runed translucent gate.
  6176 | D:3      | Found a runed translucent gate.
  6181 | D:3      | Noticed zebulonius's ghost (amateur DECj)
  6409 | D:3      | Noticed Natasha
  6421 | D:3      | Killed Natasha
  6742 | D:3      | Noticed Natasha
  6750 | D:3      | Killed Natasha
  6794 | D:3      | Noticed Natasha
  6800 | D:3      | Killed Natasha
  6858 | Temple   | Entered the Ecumenical Temple
  7083 | D:6      | Reached skill level 7 in Long Blades
  7094 | D:6      | Reached skill level 5 in Dodging
  7094 | D:6      | Reached XP level 8. HP: 44/69 MP: 8/8
  8218 | D:6      | Reached skill level 8 in Long Blades
  8691 | D:7      | Slain by a howler monkey

Illustrated notes

Levels and vault maps discovered:
D:1:      ebering_trefoil_twist, layout_rooms, serial_bayou,
          serial_bayou_ford_a, serial_bayou_crossing, serial_bayou_lagoon_a,
          serial_bayou_pond_c, chequers_serial_rivers_micro_d,
          minmay_misc_feat_tower, minivault_27, minmay_domino_2
D:2:      layout_basic, basic_altar, shapermc_ecumenical_altar_petra
D:3:      layout_rooms, gammafunk_ghost_split, palyth_stone_intersect,
          uniq_natasha
D:4:      layout_loops_ring, mainiacjoe_overflow_tiny_flanked,
          old_standard_altar, temple_doors_cd, uniq_duvessa, uniq_menkaure
D:5:      layout_loops_ring, cheibrodos_worm_habitat
D:6:      layout_rooms, nrook_pool_corridor
D:7:      layout_rooms, grunt_temple_overflow_open, serial_shops, shop_statue,
          enter_bailey_6
Temple:   bh_familiar_temple

Skill      XL: |  1  2  3  4  5  6  7  8 |
---------------+-------------------------+-----
Throwing       | 2 |  2.0
Dodging        | 3 4 5 |  5.7
Fighting       | 3 4 5 6 |  6.4
Long Blades    | 4 5 6 7 8 |  8.4

Action                   |  1- 3 |  4- 6 |  7- 9 || total
-------------------------+-------+-------+-------++-------
Melee: Long sword        |   133 |   131 |   197 ||   461
       Tailslap          |    16 |    18 |    34 ||    68
       Punch             |     1 |       |     1 ||     2
Throw: Throwing net      |       |     2 |       ||     2
 Abil: Breathe Noxious F |       |       |     8 ||     8
  Use: Potion            |     2 |     1 |     1 ||     4
       Scroll            |       |     4 |     7 ||    11
 Stab: Sleeping          |     1 |     8 |     3 ||    12
       Confused          |       |       |     5 ||     5
Armor: Skin              |    68 |    27 |    44 ||   139
Dodge: Dodged            |   158 |    92 |   152 ||   402

Table legend: (Time is in decaauts)
 A = Elapsed time spent in this place.
 B = Non-inter-level travel time spent in this place.
 C = Inter-level travel time spent in this place.
 D = Time resting spent in this place.
 E = Time spent auto-exploring this place.
 F = Levels seen in this place.
 G = Mean time per level.
                   A        B        C        D        E       F      G
               +--------+--------+--------+--------+--------+-----+--------+
         Total |   8813 |   8555 |    258 |   3065 |   4179 |   8 | 1101.6 |
       Dungeon |   8641 |   8395 |    246 |   3065 |   4023 |   7 | 1234.4 |
        Temple |    171 |    159 |     12 |      0 |    156 |   1 |  171.0 |
               +--------+--------+--------+--------+--------+-----+--------+

Top non-repeatable levels by time:
     D:5: 2416 daAuts
     D:1: 1846 daAuts
     D:2: 1516 daAuts
     D:4: 1405 daAuts
     D:6: 741 daAuts
     D:3: 696 daAuts
  Temple: 171 daAuts
     D:7: 20 daAuts
